 Dungeon Crawl Stone Soup version 0.28-a0-1518-gbe868bca14 (webtiles) character file.

Game seed: 10936870018233930941

32 Lekart the Skirmisher (level 3, -1/49 HPs)
             Began as a Draconian Abyssal Knight on Jan 17, 2022.
             Was a Follower of Lugonu.
             Succumbed to a scorpion's poison
             ... on level 2 of the Dungeon.
             The game lasted 00:01:16 (938 turns).

Lekart the Skirmisher (Draconian Abyssal Knight)     Turns: 938, Time: 00:01:16

Health: -1/49      AC:  8    Str: 15    XL:     3   Next: 8%
Magic:  4/4        EV: 12    Int: 10    God:    Lugonu [*.....]
Gold:   41         SH:  0    Dex: 13    Spells: 2/2 levels left

rFire   . . .      SeeInvis .   a - +1 falchion
rCold   + . .      Faith    .   (no shield)
rNeg    . . .      Spirit   .   (armour unavailable)
rPois   .          Reflect  .   (helmet restricted)
rElec   .          Harm     .   (no cloak)
rCorr   .          Rampage  .   (no gloves)
Will    .....                   b - +2 pair of boots
Stlth   ..........              (no amulet)
HPRegen 0.16/turn               c - ring of protection from cold
MPRegen 0.09/turn               (no ring)

@: berserking, lethally poisoned (-1 -> -7), flying, very quick
A: AC +5, unfitting armour, cold-blooded
a: Renounce Religion, Depart the Abyss


You were on level 2 of the Dungeon.
You worshipped Lugonu.
Lugonu was aware of your devotion.
You visited 1 branch of the dungeon, and saw 2 of its levels.
You visited the Abyss 1 time.

You collected 41 gold pieces.

Inventory:

Hand Weapons
 a - a +1 falchion (weapon)
Armour
 b - a +2 pair of boots (worn)
Jewellery
 c - a ring of protection from cold (left hand)
Potions
 d - 2 potions of flight


   Skills:
 + Level 3.7 Fighting
 + Level 2.2 Long Blades
 * Level 2.6 Dodging
 * Level 2.4 Invocations


You had 2 spell levels left.
You didn't know any spells.
Your spell library was empty.

Dungeon Overview and Level Annotations

Branches:
Dungeon (2/15)

Altars:

Shops:
D:1 *

Annotations:
D:2 Jessica


Innate Abilities, Weirdness & Mutations

Your plain brown scales are hard. (AC +5)
You cannot fit into any form of body armour.
You are cold-blooded and may be slowed by cold attacks.


Message History

Jessica the Apprentice Sorceress comes into view.
She is wielding a +0 club.
Jessica shouts!
Jessica is nearby!
A scorpion comes into view.
There are monsters nearby!
You closely miss Jessica. Jessica barely misses you.
You closely miss Jessica.
A goblin comes into view. It is wielding a +0 club.
Jessica hits you with a +0 club.
You hit Jessica but do no damage. Jessica hits you with a +0 club.
You hit Jessica.
Your tail-slap misses Jessica.
Jessica is lightly wounded.
Jessica points at you and mumbles some strange words.
Pain shoots through your body!
The scorpion stings you but does no damage.
Jessica casts a spell at you. Pain shoots through your body!
* * * LOW HITPOINT WARNING * * *
The scorpion closely misses you.
As you read the scroll labelled USIXER ULOOLOI, it crumbles to dust.
You feel aware of your surroundings.
You sensed 1 altar.
It was a scroll of magic mapping.
The scorpion stings you.
* * * LOW HITPOINT WARNING * * *
It was a potion of flight.
You feel very buoyant.
You fly up into the air.
The scorpion stings you.
* * * LOW HITPOINT WARNING * * *
You are lethally poisoned!
The scorpion poisons you!
It was a potion of berserk rage.
A red film seems to cover your vision as you go berserk!
You feel yourself moving faster!
You feel mighty!
* * * LOW HITPOINT WARNING * * *
You feel sick. The scorpion stings you.
* * * LOW HITPOINT WARNING * * *
You are too berserk!
Unknown command.
You hit the scorpion.
The scorpion is moderately wounded.
You die...

,*,,,,* *,,,,.............,****
,*,,,,* #....,............,*
,,,,,,* #....,,...........,*
*,,,,,* #....,,,..........,*
*,,,,,*##*#...#***#g........,*
,,,,,,,...#...# #.........,*
,,,,,,,,,.....# #.........,*
,,>,,,,**,*#..#####.........,**
,,,,**,**,*#....@s@g........,,*
,,,,**,*#.*##.#####.........,,***
,,,,**,*#.* #.# #.........,,,,,
,,,,**,*#.* #.# #.........,*,,,
,,,,**,*#.* #†######.#######**,**
,,,,**,*#.###....# #.# *,*
,,****,*#.#......# *.# *,* ,,*
*,##.#.#######*.# ****,* ,,*
*,#...<.......,,* *,,,,*


You could see a scorpion, Jessica and a goblin.

Vanquished Creatures
  An adder (D:2)
  2 ball pythons (D:1)
  2 endoplasms (D:1)
  2 goblins (D:1)
  2 hobgoblins (D:1)
  3 quokkas (D:1)
  3 bats (D:1)
  A frilled lizard (D:1)
  2 kobolds (D:1)
  3 rats
21 creatures vanquished.

Notes
Turn   | Place    | Note
-------+----------+-------------------------------------------
     0 | Abyss:1  | Lekart the Draconian Abyssal Knight began the quest for the
                  | Orb.
     0 | Abyss:1  | Reached XP level 1. HP: 19/19 MP: 2/2
    42 | Abyss:1  | Noticed a wretched star
    43 | D:1      | Escaped the Abyss
    97 | D:1      | Found Dojuazei's General Store.
   241 | D:1      | Reached * piety under Lugonu
   335 | D:1      | Reached XP level 2. HP: 19/26 MP: 3/3
   923 | D:2      | Reached XP level 3. HP: 33/33 MP: 4/4
   924 | D:2      | Noticed Jessica
   925 | D:2      | Noticed a scorpion
   937 | D:2      | HP: 1/49 [scorpion (2)]
   938 | D:2      | Succumbed to a scorpion's poison

Illustrated notes

Levels and vault maps discovered:
D:1:      eino_arrival_tree_alley, layout_loops_ring, serial_shops,
          nicolae_shop_statue_plus, serial_park_tiny_1
D:2:      layout_basic, hellmonk_ecumenical_altar_blasted, uniq_jessica,
          uniq_terence

Action                   || total
-------------------------++-------
Melee: Falchion          ||    52
       Tailslap          ||     3
       Punch             ||     1
Invok: Depart the Abyss  ||     1
  Use: Potion            ||     2
       Scroll            ||     1
 Stab: Sleeping          ||     1
Armor: Skin              ||    23
Dodge: Dodged            ||    32

Table legend: (Time is in decaauts)
 A = Elapsed time spent in this place.
 B = Non-inter-level travel time spent in this place.
 C = Inter-level travel time spent in this place.
 D = Time resting spent in this place.
 E = Time spent auto-exploring this place.
 F = Levels seen in this place.
 G = Mean time per level.
                   A        B        C        D        E       F      G
               +--------+--------+--------+--------+--------+-----+--------+
         Total |    947 |    922 |     25 |      0 |    765 |   3 |  315.7 |
       Dungeon |    904 |    879 |     25 |      0 |    723 |   2 |  452.0 |
         Abyss |     43 |     43 |      0 |      0 |     42 |   1 |   43.0 |
               +--------+--------+--------+--------+--------+-----+--------+

Top non-repeatable levels by time:
     D:1: 862 daAuts
 Abyss:1: 43 daAuts
     D:2: 41 daAuts
